 Dungeon Crawl Stone Soup version 0.29-a0-459-g97dee8cd24 (console) character file.

Game seed: 4168172868047917848

276 jejorda2 the Poker (level 6, -8/73 HPs)
             Began as a Merfolk Fighter on May 20, 2022.
             Mangled by a gnoll
             ... wielding a +0 halberd
             ... led by a gnoll shaman
              (9 damage)
             ... on level 4 of the Dungeon.
             The game lasted 00:06:26 (3017 turns).

jejorda2 the Poker (Merfolk Fighter)                Turns: 3017, Time: 00:06:27

Health: -8/73      AC: 23    Str: 18    XL:     6   Next: 25%
Magic:  6/6        EV:  2    Int:  8    God:
Gold:   136        SH:  4    Dex: 13    Spells: 5/5 levels left

rFire   . . .      SeeInvis .   a - +0 trident
rCold   . . .      Faith    +   c - +0 buckler
rNeg    . . .      Spirit   .   (body armour currently unavailable)
rPois   +          Reflect  .   (helmet currently unavailable)
rElec   .          Harm     .   (cloak currently unavailable)
rCorr   .          Rampage  .   (gloves currently unavailable)
Will    .....      NoTele   +   (boots currently unavailable)
Stlth   +.........              s - amulet of faith
HPRegen 0.22/turn               (no ring)
MPRegen 0.10/turn               (no ring)

@: tree-form
A: stationary, stasis, torment immunity, boosted hp, (nimble swimmer 2),
(mertail)
a: no special abilities


You were on level 4 of the Dungeon.
You were a tree.
You visited 1 branch of the dungeon, and saw 4 of its levels.

You collected 194 gold pieces.
You spent 58 gold pieces at shops.

Inventory:

Hand Weapons
 a - a +0 trident (weapon)
Missiles
 e - 129 stones (quivered)
 r - 5 boomerangs
Armour
 c - a +0 buckler (worn)
 n - a +0 chain mail (melded)
Jewellery
 s - an amulet of faith (around neck)
Wands
 m - a wand of paralysis (7)
Scrolls
 g - a scroll of blinking {unknown}
 h - a scroll of magic mapping {unknown}
 i - 4 scrolls of identify {unknown}
 k - a scroll of amnesia {unknown}
 o - a scroll of teleportation {unknown}
 q - a scroll of enchant armour {unknown}
Potions
 d - a potion of brilliance {unknown}
 f - 3 potions of curing {unknown}
 j - a potion of degeneration {unknown}
 p - 3 potions of might


   Skills:
 + Level 4.6 Fighting
 * Level 6.2 Polearms
 + Level 3.1 Armour
 - Level 3.0 Shields


You had 5 spell levels left.
You didn't know any spells.
Your spell library contained the following spells:

 Spells                   Type           Power      Damage    Failure   Level
 Gell's Gravitas          Tloc           0%         N/A       86%         3
 Lesser Beckoning         Tloc           0%         N/A       86%         3
 Teleport Other           Tloc           0%         N/A       86%         3


Dungeon Overview and Level Annotations

Branches:
Dungeon (4/15)
 Temple: D:4-7

Altars:

Shops:
D:2 *


Innate Abilities, Weirdness & Mutations

You are a tree.
Your roots penetrate the ground, keeping you stationary.
You cannot be teleported.
You are immune to unholy pain and torment.
Your maximum health is greatly increased.
Your equipment is partially melded.
((You are very nimble when in or above water. (Stealth+, EV+, Speed+++)))
((Your lower body shifts to a powerful aquatic tail in water.))


Message History

The gnoll shaman hits you but does no damage.
You reach to attack!
You puncture the gnoll shaman!
You kill the gnoll shaman!
A gnoll comes into view. It is wielding a +0 spear.
The gnoll shouts!
You hit the gnoll but do no damage. The gnoll hits you with a +0 flail.
You hit the gnoll.
The gnoll is lightly wounded.
The gnoll barely misses you. x2
You hit the gnoll but do no damage.
The gnoll is lightly wounded.
The gnoll hits you but does no damage.
You hit the gnoll but do no damage.
The gnoll is lightly wounded.
The gnoll hits you with a +0 flail.
The gnoll hits you from afar with a +0 halberd!
The gnoll hits you with a +0 flail.
You are too injured to fight recklessly!
You are too injured to fight recklessly!
You are too injured to fight recklessly!
You are too injured to fight recklessly!
The gnoll barely misses you. The gnoll hits you but does no damage.
The gnoll hits you with a +0 flail.
* * * LOW HITPOINT WARNING * * *
Unknown command.
The gnoll attacks as you move away! The gnoll hits you with a +0 flail!
* * * LOW HITPOINT WARNING * * *
The gnoll attacks as you move away!
The gnoll hits you but does no damage. x2
The gnoll attacks as you move away! The gnoll hits you with a +0 flail.
* * * LOW HITPOINT WARNING * * *
There is a stone staircase leading up here.
It was a potion of lignification.
You turn into a tree.
Your +0 chain mail melds into your body.
Your roots penetrate the ground.
You block the gnoll's attack. The gnoll hits you with a +0 flail.
* * * LOW HITPOINT WARNING * * *
It was a potion of flight.
Your roots keep you in place.
The gnoll hits you from afar with a +0 halberd!
You die...

#. ##.##
#.###...########
...#.(...(gg...#
.(........####.#
...#.>...## #g#
..###...## #g# ..
##.## #.# ##### #
### #g###...#
#.g♣....# #####...#
##.## #.# #.# ###.#
#...#
##########...#
######.......##...#


You could see 2 gnolls.

Vanquished Creatures
  A black bear (D:3)
  A scorpion (D:4)
  A gnoll shaman (D:4)
  A gnoll (D:2)
  2 adders
  2 worms (D:2)
  A dart slug (D:1)
  5 bats
  4 endoplasms
  A giant cockroach (D:1)
  12 goblins
  5 hobgoblins
  6 jackals
  5 kobolds
  4 quokkas
  5 ball pythons
  3 frilled lizards
  3 rats (D:1)
62 creatures vanquished.

Notes
Turn   | Place    | Note
-------+----------+-------------------------------------------
     0 | D:1      | jejorda2 the Merfolk Fighter began the quest for the Orb.
     0 | D:1      | Reached XP level 1. HP: 18/18 MP: 1/1
   119 | D:1      | Reached skill level 3 in Polearms
   149 | D:1      | Reached XP level 2. HP: 24/24 MP: 2/2
   505 | D:1      | Reached XP level 3. HP: 29/29 MP: 3/3
   873 | D:2      | Reached skill level 4 in Polearms
  1260 | D:2      | Found Qirenk's General Store.
  1268 | D:2      | Bought a +0 chain mail for 58 gold pieces
  1436 | D:2      | Reached XP level 4. HP: 22/37 MP: 4/4
  1923 | D:3      | Found a faded altar of an unknown god.
  2694 | D:4      | Noticed a black bear
  2716 | D:3      | Killed a black bear
  2717 | D:3      | Reached skill level 5 in Polearms
  2717 | D:3      | Reached XP level 5. HP: 21/43 MP: 5/5
  2942 | D:4      | Reached skill level 6 in Polearms
  2942 | D:4      | Reached XP level 6. HP: 43/49 MP: 6/6
  3015 | D:4      | HP: 2/49 [gnoll/+0 flail[a gnoll shaman] (2)]
  3017 | D:4      | Mangled by a gnoll

Illustrated notes

Levels and vault maps discovered:
D:1:      dpeg_arrival_simpleton_a, layout_loops_ring,
          minmay_misc_feat_secret_circle
D:2:      kennysheep_the_goblin_king, layout_basic, serial_shops,
          shop_fountains, cheibrodos_gnoll_hut
D:3:      layout_loops_corners, ebering_ecumenical_altar_petrified
D:4:      layout_loops_cross, hangedman_abyss_or_decor_stagger, uniq_ijyb,
          uniq_natasha, uniq_sigmund

Skill      XL: |  1  2  3  4  5 |
---------------+----------------+-----
Polearms       | 3 4 5 6 |  6.2
Fighting       | 4 |  4.6
Armour         | 3 |  3.1
Shields        | |  3.0

Action                   |  1- 3 |  4- 6 || total
-------------------------+-------+-------++-------
Melee: Trident           |   113 |    81 ||   194
Throw: Stone             |    60 |    13 ||    73
  Use: Potion            |     1 |     2 ||     3
Armor: Scale mail        |    60 |       ||    60
       Chain mail        |    10 |    40 ||    50
Dodge: Dodged            |    56 |    18 ||    74
Block: Buckler           |    17 |    15 ||    32

Table legend: (Time is in decaauts)
 A = Elapsed time spent in this place.
 B = Non-inter-level travel time spent in this place.
 C = Inter-level travel time spent in this place.
 D = Time resting spent in this place.
 E = Time spent auto-exploring this place.
 F = Levels seen in this place.
 G = Mean time per level.
                   A        B        C        D        E       F      G
               +--------+--------+--------+--------+--------+-----+--------+
         Total |   3051 |   2909 |    142 |      0 |   2349 |   4 |  762.8 |
       Dungeon |   3051 |   2909 |    142 |      0 |   2349 |   4 |  762.8 |
               +--------+--------+--------+--------+--------+-----+--------+

Top non-repeatable levels by time:
     D:3: 1066 daAuts
     D:1: 935 daAuts
     D:2: 893 daAuts
     D:4: 156 daAuts
